 Dungeon Crawl Stone Soup version 0.23.2-1-ga50397a6bc (webtiles) character file.

Game seed: 16474461321558542497

469 Norn the Conjurer (level 7, 0/45 HPs)
             Began as an Octopode Wizard on May 4, 2019.
             Slain by Cykl0x's ghost (18 damage)
             ... on level 3 of the Dungeon.
             The game lasted 00:09:24 (4665 turns).

Norn the Conjurer (Octopode Wizard)                 Turns: 4665, Time: 00:09:25

Health: 0/45       AC:  1    Str:  7    XL:     7   Next: 9%
Magic:  6/13       EV: 14    Int: 22    God:
Gold:   166        SH:  0    Dex: 10    Spells: 8/14 levels left

rFire    . . .     SeeInvis .   l - +0 whip (elec)
rCold    . . .     Gourm    .   (no shield)
rNeg     . . .     Faith    .   a - +0 hat
rPois    .         Spirit   .   (no amulet)
rElec    .         Reflect  .   (no ring)
rCorr    .         Harm     .   (no ring)
MR       .....                  (no ring)
Stlth    +++.......             (no ring)
HPRegen  0.15/turn              (no ring)
MPRegen  0.13/turn              (no ring)
                                (no ring)
                                (no ring)

@: no status effects
A: almost no armour, stealthy swim, amphibious, 8 rings, constrict 8, camouflage
1, gelatinous body 1
a: no special abilities


You were on level 3 of the Dungeon.
You were hungry.

You visited 1 branch of the dungeon, and saw 3 of its levels.

You collected 166 gold pieces.

Inventory:

Hand Weapons
 l - a +0 whip of electrocution (weapon)
   (You took it off a kobold on level 3 of the Dungeon)
Armour
 a - a +0 hat (worn)
 m - a +0 buckler
   (You found it on level 3 of the Dungeon)
Magical Staves
 o - a cursed staff of power {unknown}
   (You found it on level 3 of the Dungeon)
Scrolls
 d - a scroll of identify {unknown}
 f - 2 scrolls of teleportation {unknown}
 h - 2 scrolls of remove curse {unknown}
 i - a scroll of enchant weapon {unknown}
 j - a scroll of fear {unknown}
 k - a scroll of fog {unknown}
Potions
 b - a potion of resistance {unknown}
 c - 2 potions of lignification {unknown}
 g - a potion of mutation {unknown}
Comestibles
 e - 4 rations {!d}


   Skills:
 + Level 2.9 Fighting
 + Level 3.6 Dodging
 - Level 2.6 Stealth
 + Level 4.1 Spellcasting
 * Level 4.5 Conjurations
 - Level 1.0 Summonings
   Level 1.0 Translocations


You had 8 spell levels left.
You knew the following spells:

 Your Spells              Type           Power        Failure   Level  Hunger
a - Magic Dart            Conj           ###.         1%          1    None
f - Mephitic Cloud        Conj/Pois/Air  ##......     19%         3    ##.....
x - Call Imp              Summ           #.......     11%         2    #......

Your spell library contained the following spells:

 Spells                   Type           Power        Failure   Level  Hunger
 Blink                    Tloc           N/A          11%         2    #......
 Conjure Flame            Conj/Fire      ##......     13%         3    ##.....
 Slow                     Hex            #.......     17%         2    #......


Dungeon Overview and Level Annotations

Branches:
Dungeon (3/15)

Altars:

Annotations:
D:3 1 runed translucent door, Cykl0x's ghost, amateur MiFi


Innate Abilities, Weirdness & Mutations

You cannot wear most types of armour.
You are very stealthy in the water. (Stealth+)
You are amphibious.
You can wear up to eight rings at the same time.
You can use your tentacles to constrict eight enemies at once.
Your skin changes colour to match your surroundings (Stealth+).
Your rubbery body absorbs attacks. (AC +1, EV +1)


Message History

You are feeling hungry.
You open the door.
There is an open door here.
The leopard gecko is too close now for your liking.
You open the door.
The leopard gecko falls off the door.
The leopard gecko hisses angrily.
The adder hisses angrily.
The leopard gecko barely misses you.
Aim: a leopard gecko (clinging)
The magic dart hits the leopard gecko.
The leopard gecko barely misses you.
Aim: a leopard gecko (severely wounded, clinging)
The magic dart hits the leopard gecko.
You kill the leopard gecko!
The adder bites you.
You are poisoned.
The adder poisons you!
Aim: an adder The magic dart hits the adder.
You feel sick. The adder bites you.
Aim: an adder (moderately wounded)
The magic dart hits the adder.
The adder bites you.
Aim: an adder (almost dead)
The magic dart hits the adder.
You kill the adder!
You feel sick.
Aim: a bullfrog The magic dart hits the bullfrog!
Aim: a bullfrog (moderately wounded)
The magic dart hits the bullfrog.
Aim: a bullfrog (heavily wounded)
The magic dart hits the bullfrog.
Cykl0x's ghost turns its malevolent gaze towards you.
You feel sick. The bullfrog barely misses you. The bullfrog hits you.
Aim: a bullfrog (heavily wounded)
The magic dart hits the bullfrog.
The bullfrog barely misses you. The bullfrog hits you!
* * * LOW HITPOINT WARNING * * *
A beastly little devil appears in a puff of flame.
Cykl0x's ghost hits your crimson imp!
Your crimson imp dies!
The bullfrog barely misses you.
Unknown command.
You hit the bullfrog. Lightning courses through the bullfrog!
You kill the bullfrog!
You have reached level 7!
You feel sick.
You feel sick.
You feel sick.
You are no longer poisoned.
Cykl0x's ghost wails.
Cykl0x's ghost hits you!!
You die...

### ### ###
#.#######.##############.#####
#............@W...............
#.#######.##############.#####
#.# #.# #.# #.# #.# #.# #.# #.#
#.#####
####.#######.##############.....[
.................................
####.#######.##................##
#.# ########.#######...#.##.#


You could see Cykl0x's ghost.

Vanquished Creatures
  A bullfrog (D:3)
  A bullfrog zombie (D:2)
  Crazy Yiuf (D:2)
  A worker ant (D:3)
  5 adders
  3 worms
  3 dart slugs
  2 leopard geckos (D:3)
  2 orcs (D:3)
  A ball python (D:1)
  8 bats
  3 giant cockroaches
  3 goblins
  7 hobgoblins
  3 jackals
  A quokka (D:3)
  3 frilled lizards
  13 kobolds
  6 rats
67 creatures vanquished.

Vanquished Creatures (collateral kills)
  Sigmund (D:2)
  Terence (D:2)
  Natasha (thrice) (D:2)
  3 gnolls (D:3)
  An ooze (D:1)
9 creatures vanquished.

Grand Total: 76 creatures vanquished

Notes
Turn   | Place    | Note
-------+----------+-------------------------------------------
     0 | D:1      | Norn the Octopode Wizard began the quest for the Orb.
     0 | D:1      | Reached XP level 1. HP: 11/11 MP: 4/4
   169 | D:1      | Reached XP level 2. HP: 18/18 MP: 3/6
   803 | D:1      | Reached XP level 3. HP: 22/22 MP: 5/7
   881 | D:1      | Learned a level 2 spell: Call Imp
   893 | D:2      | Noticed Terence
   991 | D:2      | Killed Terence
   991 | D:2      | Reached skill level 1 in Fighting
  1195 | D:2      | Noticed Natasha
  1204 | D:2      | Killed Natasha
  1204 | D:2      | Reached XP level 4. HP: 5/28 MP: 0/9
  1525 | D:2      | Found a runed translucent door.
  1526 | D:2      | Noticed Crazy Yiuf
  1608 | D:2      | Noticed Natasha
  1627 | D:2      | Noticed Sigmund
  1719 | D:2      | Killed Natasha
  2315 | D:2      | Noticed Natasha
  2316 | D:2      | Learned a level 3 spell: Mephitic Cloud
  2324 | D:2      | Killed Natasha
  2429 | D:2      | Killed Sigmund
  2429 | D:2      | Reached XP level 5. HP: 34/34 MP: 1/10
  2536 | D:2      | Reached XP level 6. HP: 28/39 MP: 2/11
  2797 | D:2      | Killed Crazy Yiuf
  2991 | D:3      | Found a faded altar of an unknown god.
  3062 | D:3      | Found a runed translucent door.
  3189 | D:3      | Noticed Cykl0x's ghost (amateur MiFi)
  3530 | D:3      | Found a runed translucent door.
  4632 | D:3      | Reached XP level 7. HP: 15/45 MP: 2/13
  4665 | D:3      | Slain by Cykl0x's ghost

Skill      XL: |  1  2  3  4  5  6 |
---------------+-------------------+-----
Conjurations   | 2 3 4 |  4.5
Fighting       | 1 2 |  2.9
Dodging        | 3 |  3.6
Spellcasting   | 4 |  4.1
Stealth        | |  2.6
Summonings     | |  1.0
Translocations | |  1.0

Action                   |  1- 3 |  4- 6 |  7- 9 || total
-------------------------+-------+-------+-------++-------
Melee: Unarmed           |    10 |    13 |       ||    23
       Constrict         |     2 |     7 |       ||     9
       Tentacles         |     2 |     4 |       ||     6
       Whip              |       |     5 |       ||     5
 Cast: Magic Dart        |    56 |   125 |       ||   181
       Call Imp          |     7 |    28 |       ||    35
       Mephitic Cloud    |       |     1 |       ||     1
  Eat: Chunk             |     1 |     7 |       ||     8
       Ration            |       |     1 |       ||     1
Armor: Skin              |     5 |     2 |       ||     7
Dodge: Dodged            |    22 |    41 |       ||    63
